[Event "8th Montevideo Open 2025"]
[Site "Montevideo"]
[Date "2025.02.08"]
[Round "8.17"]
[White "Esteve, Federico"]
[Black "Guerrero, Alvaro"]
[Result "1-0"]
[Annotator "NA RC"]
[ECO "B06"]
[WhiteElo "1946"]
[BlackElo "2028"]
[PlyCount "97"]
[EventDate "2025.02.01"]
[EventType "swiss"]
[EventCountry "URU"]
[SourceTitle "playchess.com"]
[Source "ChessBase"]
[SourceQuality "1"]
[TimeControl "5400+30"]

1. d4 g6 2. Nc3 Bg7 3. e4 d6 4. Nf3 Nd7 5. Bc4 e6 6. Bf4 a6 7. a4 b6 8. O-O Bb7 9. Ba2 Ne7 10. Qd2 h6 11. h4 Nf6 12. Rfe1 Ng4 13. Rad1 O-O 14. Bg3 Kh7 15. Qe2 Nf6 16. e5 Nfg8 17. d5 Nf5 18. dxe6 fxe6 19. exd6 cxd6 20. Bxe6 Nge7 21. h5 Bxf3 22. hxg6+ Nxg6 23. Qxf3 Nxg3 24. Qxg3 Be5 25. Qg4 Rf4 26. Qh3 Rh4 27. Qf3 Rf4 28. Qb7+ Kh8 29. g3 Rb8 30. Qg2 Rf6 31. Bg4 Bxc3 32. bxc3 Qc7 33. Re3 Rbf8 34. f4 Qc5 35. Rd4 Rg8 36. Qh3 Kh7 37. Kh2 Rg7 38. Qh5 Ne7 39. Kh3 Nf5 40. Bxf5+ Rxf5 41. Qf3 h5 42. Qe4 Rgf7 43. Kh2 d5 44. Qe6 R7f6 45. Qe7+ Rf7 46. Qd8 Qc7 47. Rxd5 Rxf4 48. Rxh5+ Kg6 49. Qg5# 1-0

[Event "8th Montevideo Open 2025"]
[Site "Montevideo"]
[Date "2025.02.07"]
[Round "8.18"]
[White "Pichuaga, Juan Pablo"]
[Black "Delgado, Nazareno"]
[Result "1/2-1/2"]
[Annotator "NA RC"]
[ECO "E91"]
[WhiteElo "1973"]
[BlackElo "1819"]
[PlyCount "33"]
[EventDate "2025.02.01"]
[EventType "swiss"]
[EventCountry "URU"]
[SourceTitle "playchess.com"]
[Source "ChessBase"]
[SourceQuality "1"]
[TimeControl "5400+30"]

1. d4 Nf6 2. Nf3 c5 3. d5 d6 4. c4 g6 5. Nc3 Bg7 6. e4 O-O 7. Be2 Na6 8. O-O Nc7 9. Qc2 Rb8 10. Bd2 a6 11. a4 Bd7 12. Rab1 b5 13. axb5 axb5 14. cxb5 Nxb5 15. Nxb5 Bxb5 16. Bxb5 Rxb5 17. b4 1/2-1/2

[Event "8th Montevideo Open 2025"]
[Site "Montevideo"]
[Date "2025.02.08"]
[Round "8.19"]
[White "Martello, Benjamin"]
[Black "Pascualvaca, Federico"]
[Result "1-0"]
[Annotator "NA RC"]
[ECO "E06"]
[WhiteElo "1968"]
[BlackElo "1794"]
[PlyCount "91"]
[EventDate "2025.02.01"]
[EventType "swiss"]
[EventCountry "URU"]
[SourceTitle "playchess.com"]
[Source "ChessBase"]
[SourceQuality "1"]
[TimeControl "5400+30"]

1. Nf3 Nf6 2. g3 d5 3. c4 c6 4. Bg2 e6 5. O-O Be7 6. d4 O-O 7. Qc2 b6 8. Rd1 Bb7 9. Bf4 Na6 10. Nbd2 Qc8 11. Rac1 Rd8 12. Ne5 c5 13. Ndf3 dxc4 14. Qxc4 Bd5 15. Qa4 Qb7 16. Bf1 b5 17. Qa5 c4 18. a4 b4 19. Qb5 Qxb5 20. axb5 Nc7 21. Nc6 Bxc6 22. bxc6 Ncd5 23. Rxc4 Nxf4 24. gxf4 Nd5 25. e3 Rdc8 26. Ne5 Rc7 27. Bg2 a5 28. Nd3 Ra6 29. e4 Nb6 30. Rcc1 a4 31. f5 exf5 32. e5 Ra5 33. Nc5 h5 34. Nb7 Ra7 35. f4 a3 36. bxa3 bxa3 37. d5 Nxd5 38. Bxd5 a2 39. Nd6 Ra4 40. Nb5 Bc5+ 41. Kh1 Be3 42. Ra1 Rc8 43. c7 Bxf4 44. Rxa2 Rxa2 45. Bxa2 Bg5 46. Rd7 1-0

[Event "8th Montevideo Open 2025"]
[Site "Montevideo"]
[Date "2025.02.08"]
[Round "8.20"]
[White "Melani, Mauro"]
[Black "Galli, Lisandro"]
[Result "0-1"]
[Annotator "NA RC"]
[ECO "B30"]
[WhiteElo "1914"]
[BlackElo "1625"]
[PlyCount "66"]
[EventDate "2025.02.01"]
[EventType "swiss"]
[EventCountry "URU"]
[SourceTitle "playchess.com"]
[Source "ChessBase"]
[SourceQuality "1"]
[TimeControl "5400+30"]

1. e4 c5 2. Nf3 Nc6 3. b4 Nxb4 4. c3 Nc6 5. d4 d6 6. Bc4 Bg4 7. Bxf7+ Kxf7 8. Ng5+ Ke8 9. Qxg4 Nf6 10. Qe6 cxd4 11. Nf7 Qd7 12. Qxd7+ Nxd7 13. Nxh8 g6 14. Na3 Bg7 15. Nb5 Kf8 16. Nxg6+ hxg6 17. Nc7 dxc3 18. Rb1 Rc8 19. Ne6+ Kf7 20. Nxg7 Kxg7 21. O-O Nc5 22. f3 b6 23. Bg5 Nd3 24. Be3 Ncb4 25. a3 Nc2 26. Bc1 Nd4 27. Rf2 c2 28. Rxc2 Rxc2 29. Be3 e5 30. h4 Ne2+ 31. Kf1 Ndf4 32. Rd1 Ng3+ 33. Kg1 Rxg2# 0-1

[Event "8th Montevideo Open 2025"]
[Site "Montevideo"]
[Date "2025.02.08"]
[Round "8.21"]
[White "Bauza, Alejandro"]
[Black "Perez Selios, Luis"]
[Result "1/2-1/2"]
[Annotator "NA RC"]
[ECO "A11"]
[WhiteElo "2116"]
[BlackElo "1801"]
[PlyCount "118"]
[EventDate "2025.02.01"]
[EventType "swiss"]
[EventCountry "URU"]
[SourceTitle "playchess.com"]
[Source "ChessBase"]
[SourceQuality "1"]
[TimeControl "5400+30"]

1. Nf3 Nf6 2. g3 d5 3. Bg2 g6 4. c4 c6 5. b3 Bg7 6. Bb2 O-O 7. O-O Nbd7 8. Qc2 b6 9. d4 Ba6 10. Nbd2 Rc8 11. e4 e6 12. Rfe1 b5 13. Ba3 Re8 14. e5 Nh5 15. Bd6 Bf8 16. c5 Bxd6 17. cxd6 c5 18. Bf1 c4 19. b4 Bb7 20. a4 a6 21. axb5 axb5 22. Nb1 Qb6 23. Nc3 Ra8 24. Qd2 Ng7 25. g4 Bc6 26. Qf4 Qb7 27. Ng5 Nf8 28. h4 Qd7 29. Be2 Rxa1 30. Rxa1 Ra8 31. Rxa8 Bxa8 32. Qf6 Bc6 33. h5 h6 34. Nh3 Nh7 35. Qf4 g5 36. Qd2 f5 37. f4 Qd8 38. Kg2 gxf4 39. Qxf4 Ng5 40. gxf5 Nxh3 41. Kxh3 Nxf5 42. Bd1 Qe8 43. Bg4 Qf7 44. Bxf5 Qxh5+ 45. Kg2 Qxf5 46. Qxf5 exf5 47. Kg3 Kf7 48. d7 Bxd7 49. Nxd5 Bc6 50. Nc3 Ke6 51. Kf4 h5 52. d5+ Bxd5 53. Nxb5 Be4 54. Nd4+ Ke7 55. b5 h4 56. b6 h3 57. Kg3 Bg2 58. Nxf5+ Ke6 59. Ne3 Kxe5 1/2-1/2

[Event "8th Montevideo Open 2025"]
[Site "Montevideo"]
[Date "2025.02.07"]
[Round "8.22"]
[White "Martinez Tagliafico, Sergio"]
[Black "Saralegui, Mario"]
[Result "0-1"]
[Annotator "NA RC"]
[ECO "A53"]
[WhiteElo "1831"]
[BlackElo "2034"]
[PlyCount "50"]
[EventDate "2025.02.01"]
[EventType "swiss"]
[EventCountry "URU"]
[SourceTitle "playchess.com"]
[Source "ChessBase"]
[SourceQuality "1"]
[TimeControl "5400+30"]

1. d4 Nf6 2. Nf3 d6 3. g3 Nbd7 4. Bg2 e5 5. dxe5 dxe5 6. O-O c6 7. c4 Be7 8. b3 O-O 9. Bb2 Qc7 10. Qc2 Re8 11. e3 Bf8 12. Nc3 a5 13. Rfd1 Nc5 14. a3 Bg4 15. b4 e4 16. bxc5 exf3 17. h3 Bh5 18. Bf1 Bg6 19. Bd3 Bxc5 20. Bxg6 hxg6 21. Na4 Bxe3 22. fxe3 Qxg3+ 23. Kf1 Qxh3+ 24. Kg1 Qg3+ 25. Kf1 Ng4 0-1

[Event "8th Montevideo Open 2025"]
[Site "Montevideo"]
[Date "2025.02.08"]
[Round "8.23"]
[White "Fabra, Nahiara"]
[Black "Izquierdo, Sebastian"]
[Result "1-0"]
[Annotator "NA RC"]
[ECO "B01"]
[WhiteElo "1792"]
[BlackElo "1970"]
[PlyCount "89"]
[EventDate "2025.02.01"]
[EventType "swiss"]
[EventCountry "URU"]
[SourceTitle "playchess.com"]
[Source "ChessBase"]
[SourceQuality "1"]
[TimeControl "5400+30"]

1. e4 d5 2. exd5 Nf6 3. d4 Nxd5 4. c4 Nb6 5. Nf3 Bg4 6. c5 Nd5 7. Qb3 Bc8 8. Bg5 c6 9. Bc4 h6 10. Bh4 Qa5+ 11. Nc3 e6 12. O-O Nxc3 13. bxc3 Qc7 14. Rab1 Be7 15. Bg3 Qd8 16. Rfe1 O-O 17. Ne5 Bh4 18. Bxh4 Qxh4 19. Bd3 Qd8 20. Nc4 Nd7 21. Be4 Qc7 22. Nd6 Rb8 23. Qa4 a6 24. Rb2 b5 25. Qd1 Nf6 26. Qf3 Bd7 27. Bc2 Nd5 28. Qd3 g6 29. Qg3 Be8 30. h4 Kh8 31. Qe5+ f6 32. Qxe6 Bd7 33. Qe4 Rbe8 34. Nxe8 Rxe8 35. Qxe8+ Bxe8 36. Rxe8+ Kg7 37. Rb1 Ne7 38. Re1 Nc8 39. Bb3 Qd7 40. Rg8+ Kh7 41. Ree8 Ne7 42. Rgf8 Nd5 43. Rh8+ Kg7 44. Reg8+ Kf7 45. Rh7+ 1-0

[Event "8th Montevideo Open 2025"]
[Site "Montevideo"]
[Date "2025.02.08"]
[Round "8.24"]
[White "Durante, Aurelio"]
[Black "Lopez Betancourt, Bryan"]
[Result "1/2-1/2"]
[Annotator "NA RC"]
[ECO "C90"]
[WhiteElo "1950"]
[BlackElo "1897"]
[PlyCount "93"]
[EventDate "2025.02.01"]
[EventType "swiss"]
[EventCountry "URU"]
[SourceTitle "playchess.com"]
[Source "ChessBase"]
[SourceQuality "1"]
[TimeControl "5400+30"]

1. e4 e5 2. Nf3 Nc6 3. Bb5 a6 4. Ba4 Nf6 5. O-O Be7 6. Re1 b5 7. Bb3 d6 8. c3 Bb7 9. d3 O-O 10. Nbd2 h6 11. Nf1 Re8 12. a4 Bf8 13. Ne3 Ne7 14. Qe2 c6 15. h3 Ng6 16. Nf5 Qd7 17. N3h4 Nxh4 18. Nxh4 d5 19. Bc2 Rad8 20. Nf5 dxe4 21. dxe4 Kh7 22. Qf3 Ng8 23. g4 g6 24. Ng3 Bg7 25. Be3 Qe7 26. b4 Qf6 27. Qe2 Qh4 28. Kg2 Bc8 29. Bb6 Rd7 30. Rad1 Rb7 31. a5 Bf6 32. Rd6 Re6 33. Red1 Be7 34. R6d3 Rf6 35. Bb3 Kg7 36. Rf3 Rxf3 37. Qxf3 Qf6 38. Qxf6+ Kxf6 39. Ne2 Rd7 40. Rxd7 Bxd7 41. Nc1 Be6 42. Bxe6 Kxe6 43. Nd3 Nf6 44. Kf3 Nd7 45. Be3 Bf8 46. Ke2 f5 47. gxf5+ 1/2-1/2

[Event "8th Montevideo Open 2025"]
[Site "Montevideo"]
[Date "2025.02.07"]
[Round "8.24"]
[White "Durante, Aurelio"]
[Black "Lopez Betancourt, Bryan"]
[Result "*"]
[Annotator "NA RC"]
[ECO "B14"]
[WhiteElo "1950"]
[BlackElo "1897"]
[PlyCount "54"]
[EventDate "2025.02.01"]
[EventType "swiss"]
[EventCountry "URU"]
[SourceTitle "playchess.com"]
[Source "ChessBase"]
[SourceQuality "1"]
[TimeControl "5400+30"]

1. e4 c5 2. c3 d5 3. exd5 Nf6 4. Nf3 Nxd5 5. d4 cxd4 6. cxd4 Nc6 7. Nc3 g6 8. Bc4 Nb6 9. Bb3 Bg7 10. d5 Nb4 11. O-O O-O 12. Qd2 Bf5 13. Nh4 Bd7 14. Nf3 Rc8 15. Rd1 Bg4 16. Qf4 Bxf3 17. Qxf3 a5 18. Be3 Nc4 19. Bxc4 Rxc4 20. Qe2 Rc8 21. a3 Na6 22. Qb5 Qc7 23. Bb6 Qf4 24. Be3 Qc7 25. Bb6 Qf4 26. Be3 Qc7 27. Bb6 Qd8 *